Cogmind - Beta 15 @@@ ROGUE MODE // 2025.05.22 @ 17:59:19 Player: celerysam Result: Destroyed by Piercing Trap Performance ------------- Evolutions (0) 0 Regions Visited (2) 400 Robots Destroyed (23) 115 Value Destroyed (560) 560 Prototype IDs (0) 0 Alien Tech Used (0) 0 Bonus (0) 0 TOTAL SCORE: 1075 Bonus ------- None Cogmind --------- Core Integrity 0/250 Matter 290/300 Energy 123/125 System Corruption 0% Temperature Cool (0) Movement Rolling (107) Ox1 Location -10/Subcaves Parts ------- > --- POWER (1) -------- Light Ion Engine > --- PROPULSION (2) --- Wheel Subdweller Monowheel > --- UTILITY (2) ------ Large Storage Unit Makeshift Light Armor Plating > --- WEAPON (2) ------- Battle Cannon Heavy Hammer > --- INVENTORY (15) --- Subdweller Power Source Light Treads Spiked Treads Wheel Wheel Compact Wheel Disposable Heat Sink Scrap Shield EM Pulse Gun Medium Laser Shotgun Subdweller Shrapnel Launcher Subdweller Shrapnel Launcher Heavy Hammer Peak State ------------ > --- POWER ------------ Light Ion Engine > --- PROPULSION ------- Wheel Subdweller Monowheel > --- UTILITY ---------- Large Storage Unit Makeshift Light Armor Plating > --- WEAPON ----------- Battle Cannon Heavy Hammer > --- INVENTORY -------- Subdweller Power Source Light Treads Spiked Treads Wheel Wheel Compact Wheel Disposable Heat Sink Scrap Shield EM Pulse Gun Medium Laser Shotgun Subdweller Shrapnel Launcher Subdweller Shrapnel Launcher Heavy Hammer [Rating: 15] Favorites ----------- Power Ion Engine Engine Ion Engine Propulsion Wheel Leg Aluminum Leg Wheel Wheel Utility Large Storage Unit Device Seismic Detector Storage Large Storage Unit Protection Light Armor Plating Weapon Battle Cannon Energy Gun Small Laser Ballistic Gun Shotgun Ballistic Cannon Battle Cannon Launcher Grenade Launcher Impact Weapon Heavy Hammer Build | -11 -10 -10 ------- Run | Yrd Mat Sub Slots Evolved . | . . . Power . | . . . Propulsion . | . . . Utility . | . . . Weapon . | . . . Parts Attached 27 | 5 10 12 Power 2 | . 1 1 Engine 2 | . 1 1 Core . | . . . Reactor . | . . . Propulsion 10 | 2 4 4 Treads . | . . . Leg 2 | 2 . . Wheel 8 | . 4 4 Hover . | . . . Flight . | . . . Utility 6 | 1 2 3 Device 2 | . 1 1 Storage 2 | 1 1 . Processor . | . . . Hackware . | . . . Protection 2 | . . 2 Artifact . | . . . Weapon 9 | 2 3 4 Energy Gun 1 | 1 . . Energy Cannon . | . . . Ballistic Gun 3 | 1 2 . Ballistic Cannon 2 | . . 2 Launcher 1 | . . 1 Special Weapon . | . . . Impact Weapon 2 | . 1 1 Slashing Weapon . | . . . Piercing Weapon . | . . . Special Melee Weapon . | . . . Unidentified Prototypes . | . . . Parts Lost 6 | . 1 5 Power 1 | . . 1 Propulsion 2 | . 1 1 Utility 1 | . . 1 Weapon 2 | . . 2 Highest Loss Streak 2 | . 1 2 To Critical Strikes . | . . . Average Backups 12 | 5 10 14 Power 1 | . 1 1 Propulsion 5 | 3 4 5 Utility 1 | . 1 1 Weapon 4 | . 3 5 Tool/Special . | . . . Unused Backups 13 | . 1 12 Power 1 | . . 1 Propulsion 6 | . 1 5 Utility 2 | . . 2 Weapon 4 | . . 4 Tool/Special . | . . . Average Slot Usage (%) 94 | . 88 99 Engine 11 | . 8 13 Leg 4 | . 11 . Wheel 22 | . 14 27 Device 9 | . 11 7 Storage 14 | . 14 14 Protection 3 | . . 6 Energy Gun 1 | . 4 . Ballistic Gun 7 | . 16 1 Ballistic Cannon 11 | . . 19 Launcher 1 | . . 1 Impact Weapon 5 | . 7 4 Peak Build Rating 15 | 5 10 15 Average Rating 9 | 3 8 11 On Entrance 5 | . 5 10 Naked Turns . | . . . Heaviest Build 33 | 8 32 33 Greatest Support 30 | 20 26 30 Greatest Overweight (x) 3 | . 3 3 Average Overweight (x) 1 | . 1 1 Largest Inventory Capacity 15 | 8 15 15 Average Capacity 14 | 6 13 15 Most Carried 15 | 7 15 15 Average Carried 12 | 5 11 14 Final Capacity 15 | 8 15 15 Final Carried 15 | 7 15 15 Class Distribution -------------------- 100% | Mutant Dominant Class ---------------- Mutant | -10/Materials Mutant | -10/Subcaves Resources | -11 -10 -10 ----------- Run | Yrd Mat Sub Matter Collected 1026 | 231 233 562 Remotely . | . . . Salvage Created 517 | . 362 155 Parts 24 | . 16 8 Haulers Intercepted 1 | . 1 . Recyclers Shooed . | . . . Parts Field Recycled . | . . . Retrieved Matter . | . . . Parts Self-Destructed 11 | . . 11 Prevented . | . . . Kills | -11 -10 -10 ------- Run | Yrd Mat Sub Combat Hostiles Destroyed 20 | . 12 8 Guns 12 | . 12 . Cannons 8 | . . 8 Classes Destroyed 5 | . 4 1 Hauler 1 | . 1 . Watcher 2 | . 2 . Swarmer 9 | . 8 1 Grunt 5 | . 4 1 Subdweller 6 | . . 6 Best Kill Streak 4 | . 4 2 Combat Bots Only 4 | . 4 2 Max Kills in Single Turn 2 | . 2 1 Gunslinging 1 | . 1 . Exploded . | . . . Melee . | . . . Uniques/NPCs Destroyed . | . . . Combat | -11 -10 -10 -------- Run | Yrd Mat Sub Hostile Shots Fired 143 | . 58 85 Missed 45 | . 11 34 Hits 98 | . 47 51 Projectile 98 | . 47 51 Critical Strikes 2 | . . 2 Damage Taken 1183 | . 451 732 Core 268 | . 134 134 Absorbed by Shields . | . . . Core Remaining (%) 100 | 100 . . Volleys Fired 79 | . 37 42 Largest 2 | . 2 2 Hottest 66 | . 63 66 Shots Fired 144 | . 61 83 Gun 70 | . 61 9 Cannon 67 | . . 67 Launcher 7 | . . 7 Special . | . . . Kinetic 114 | . 38 76 Thermal 23 | . 23 . Explosive 7 | . . 7 Electromagnetic . | . . . Robot Hit Streak 11 | . 8 11 Robot Miss Streak 6 | . 6 3 Penetration Max . | . . . Secondary Targets 3 | . 3 . Max Gunslinging Chain 1 | . 1 . Shots Hit Robots 84 | . 42 42 Core Hits 37 | . 24 13 Critical Kills 1 | . 1 . Critical Parts Destroyed . | . . . Critical Strikes 4 | . 1 3 Destroy 1 | . 1 . Blast 3 | . . 3 Melee Attacks 17 | . 10 7 Impact 17 | . 10 7 Slashing . | . . . Piercing . | . . . Sneak Attacks . | . . . Combat Hostiles . | . . . Follow-up Attacks . | . . . Damage Inflicted 1432 | . 600 832 Guns 527 | . 517 10 Cannons 640 | . . 640 Explosions 182 | . . 182 Melee 83 | . 83 . Ramming . | . . . Kinetic 1004 | . 354 650 Thermal 163 | . 163 . Explosive 182 | . . 182 Electromagnetic . | . . . Impact 83 | . 83 . Slashing . | . . . Piercing . | . . . Highest Corruption . | . . . Average Corruption . | . . . Corruption Purged . | . . . Corruption Blocked . | . . . Overload Shots . | . . . Overflow Damage 24 | . . 24 Projectiles 24 | . . 24 Explosions . | . . . Melee . | . . . Knockbacks 7 | . . 7 Impact . | . . . Kinetic 7 | . . 7 Secondary . | . . . Self-Inflicted Damage 47 | . . 47 Shots 1 | . . 1 Rammed . | . . . Targets Rammed . | . . . Kicked . | . . . Crushed . | . . . Highest Temperature 10 | . 10 4 Average Temperature 3 | . 3 4 Received Heat Transfer 309 | . 108 201 Siege Activations . | . . . Martial Activations . | . . . Shielding Activations . | . . . Robots Disrupted . | . . . Combat Hostiles . | . . . Robots Corrupted . | . . . Combat Hostiles . | . . . Parts Fried . | . . . Impact Corruptions . | . . . Robots Melted . | . . . Combat Hostiles . | . . . Parts Melted 1 | . 1 . Heat Transferred 375 | . 375 . Parts Sabotaged . | . . . Parts Stolen . | . . . Parts Stripped . | . . . Power Chain Reactions . | . . . Alert | -11 -10 -10 ------- Run | Yrd Mat Sub Maximum Alert Level . | . . . Low Security (%) 100 | 100 100 . Level 1 . | . . . Level 2 . | . . . Level 3 . | . . . Level 4 . | . . . Level 5 . | . . . High Security . | . . . Max Security . | . . . Peak Influence 110 | . 110 . Initial . | . . . Average 28 | . 30 . Influence Increases 478 | . 353 125 Destroy 0b10 Robot/C 280 | . 240 40 Destroy 0b10 Robot/NC 15 | . 15 . Destroy Leader 56 | . 46 10 Destroy Structure 7 | . 7 . Lose Combat Pursuer 120 | . 45 75 Influence Decreases 478 | . 293 185 Entered New Map 29 | . . 29 Time Decay 429 | . 273 156 Lost Part 10 | . 10 . Lost Ally 10 | . 10 . Squads Dispatched . | . . . Investigation . | . . . Extermination . | . . . Reinforcement . | . . . Assault . | . . . Garrison . | . . . Intercept . | . . . Searches Triggered . | . . . Construction Impeded . | . . . Haulers Reinforced . | . . . Active Scanning Responses . | . . . Cargo Convoy Interrupts . | . . . Stealth | -11 -10 -10 --------- Run | Yrd Mat Sub Distress Signals 3 | . 3 . Communications Jammed . | . . . Distress Signals . | . . . Times Spotted 35 | . 22 13 Peak Tracking Total 6 | . 6 3 Tactical Retreats 4 | . 2 2 Traps | -11 -10 -10 ------- Run | Yrd Mat Sub Traps Triggered 1 | . . 1 Indirectly . | . . . Trap Hack Attempts . | . . . Triggered . | . . . Disarmed . | . . . Reprogrammed . | . . . Reused . | . . . Traps Extracted . | . . . Installed . | . . . Triggered . | . . . Machines | -11 -10 -10 ---------- Run | Yrd Mat Sub Machines Disabled 1 | . . 1 Max in Single Turn 1 | . . 1 Machines Repaired . | . . . Machines Dismantled . | . . . Machines Sabotaged . | . . . Overloaded Fab Kills . | . . . Hacking | -11 -10 -10 --------- Run | Yrd Mat Sub Machines Accessed 2 | . 1 1 Terminals 1 | . 1 . Fabricators . | . . . Repair Stations . | . . . Recycling Units . | . . . Scanalyzers . | . . . Garrison Access . | . . . Total Hacks 6 | . 1 5 Successful 6 | . 1 5 Failed . | . . . Catastrophic . | . . . Database Lockouts . | . . . Manual 1 | . 1 . Terminals 1 | . 1 . Fabricators . | . . . Repair Stations . | . . . Recycling Units . | . . . Scanalyzers . | . . . Garrison Access . | . . . Terminal Hacks 5 | . . 5 Record 5 | . . 5 Fabricator Hacks . | . . . Repair Station Hacks . | . . . Recycling Unit Hacks . | . . . Scanalyzer . | . . . Garrison Access Hacks . | . . . Unauthorized Hacks 1 | . 1 . Terminals 1 | . 1 . Assimilate 1 | . 1 . Fabricators . | . . . Repair Stations . | . . . Recycling Units . | . . . Scanalyzers . | . . . Garrison Access . | . . . Data Cores Recovered . | . . . Used . | . . . Hacking Detections . | . . . Full Trace Events . | . . . Feedback Events . | . . . Feedback Blocked . | . . . Robot Schematics Acquired . | . . . Robots Built . | . . . Authchips . | . . . Time . | . . . Total Robot Build Rating . | . . . Part Schematics Acquired . | . . . Parts Built . | . . . Authchips . | . . . Time . | . . . Total Part Build Rating . | . . . Parts Repaired . | . . . Time . | . . . Parts Recycled . | . . . Recycled Matter . | . . . Retrieved Matter . | . . . Retrieved Components . | . . . Parts Scanalyzed . | . . . Part Schematics Acquired . | . . . Parts Damaged . | . . . Bothacking | -11 -10 -10 ------------ Run | Yrd Mat Sub Used RIF Installer . | . . . Robots Hacked . | . . . Non-combat . | . . . Combat . | . . . Robot Hacks Applied . | . . . Relay Couplers Released . | . . . Fabnet Peak Effective % . | . . . Robots Rewired . | . . . Allies Hacked . | . . . Hacks Repelled . | . . . Allies | -11 -10 -10 -------- Run | Yrd Mat Sub Total Allies 1 | . 1 . Largest Group 1 | . 1 . Highest-Rated Group 10 | . 10 . Highest-Rated Ally 10 | . 10 . Total Orders . | . . . Ally Attacks . | . . . Total Damage . | . . . Kills . | . . . Allies Corrupted . | . . . Allies Melted . | . . . Intel | -11 -10 -10 ------- Run | Yrd Mat Sub Active Infowar (turns) 1783 | . 977 806 Seismic 1783 | . 977 806 Robot Analysis Total . | . . . Derelict Logs Recovered . | . . . Drone Launches . | . . . Drone Recoveries . | . . . Exploration | -11 -10 -10 ------------- Run | Yrd Mat Sub Turns Passed 2883 | 85 1173 1625 Spaces Moved 2232 | 70 804 1358 Core 18 | 18 . . Treads . | . . . Legs 307 | 52 255 . Wheels 1907 | . 549 1358 Hover . | . . . Flight . | . . . Fastest Speed 50 | 50 95 95 Average Speed 111 | 102 122 105 Slowest Speed 190 | 120 190 125 Overloaded Moves . | . . . Propulsion Burnouts . | . . . Robots Hopped . | . . . Potential Cave-ins . | . . . Cave-ins Triggered . | . . . Exploration Rate (%) 57 | 4 97 72 Regions Visited 2 Branch Regions 1 Pre-discovered Areas . | . . . Known Exits Taken . | . . . Unknown Exits Taken 2 | 1 1 . Scrap Searched 5 | . . 5 Spaces Dug 9 | . 7 2 Terrain Destroyed 40 | . 7 33 Melee 9 | . 7 2 Projectile . | . . . AOE 31 | . . 31 Terrain Rammed . | . . . Walls Destroyed . | . . . Machines Disabled . | . . . Actions | -11 -10 -10 --------- Run | Yrd Mat Sub Total 2447 | 81 912 1454 Wait 48 | . 30 18 Move 2230 | 69 803 1358 Hop . | . . . Pick Up 30 | 7 14 9 Fast Attach 7 | 5 1 1 Attach 7 | . 2 5 Detach . | . . . Swap 15 | . 8 7 Drop 14 | . 7 7 Fire 79 | . 37 42 Melee 17 | . 10 7 Ram . | . . . Kick . | . . . Crush . | . . . Escape Stasis . | . . . Rewire . | . . . Trap . | . . . Miscellaneous . | . . . Route ------- -11/Scrapyard -10/Materials (discovered 5 exits: [*Mat x2] / [*Min x2] / *Sub) -10/Subcaves (discovered 3 exits: [*Mat x2] / [*Rec]) History --------- Turn | Location | Event 8 | -11/Scrapyard | Discovered new exit (range 15) 86 | -11/Scrapyard | Entered Materials 303 | -10/Materials | Build established: Mutant 349 | -10/Materials | Discovered new exit (range 8) 592 | -10/Materials | Discovered new exit (range 13) 654 | -10/Materials | Discovered new exit (range 3) 694 | -10/Materials | Discovered new exit (range 13) 1134 | -10/Materials | Core integrity fell below 50% 1249 | -10/Materials | Discovered new exit (range 10) 1259 | -10/Materials | Entered Subcaves 1264 | -10/Subcaves | Shifting Twisted Machinery released Battle Cannon 1274 | -10/Subcaves | Shifting Twisted Machinery released Battle Cannon 1659 | -10/Subcaves | Visited Clippyterm 1662 | -10/Subcaves | Learned Factory stockpile data 1662 | -10/Subcaves | Learned Factory emergency access door positions 1812 | -10/Subcaves | Discovered new exit (range 11) 2046 | -10/Subcaves | Ambushed by Subdwellers from Twisted Machinery 2099 | -10/Subcaves | Discovered new exit (range 7) 2192 | -10/Subcaves | Core integrity fell below 20% 2359 | -10/Subcaves | Discovered new exit (range 9) 2800 | -10/Subcaves | Shifting Twisted Machinery released Piercing Trap 2801 | -10/Subcaves | Shifting Twisted Machinery released Mak. Light Armor Plating 2884 | -10/Subcaves | Destroyed by Piercing Trap Last Messages --------------- 02483_ Found 52 Matter. 02484_ Acquired 52 matter. 02485_ Searching scrap... 02485_ Found Sub. Shrapnel Launcher. 02485_ Found Piercing Trap. 02485_ Found 54 Matter. 02486_ Acquired 54 matter. 02488_ Acquired Sub. Shrapnel Launcher. 02542_ Acquired 2 matter. 02700_ Acquired 16 matter. 02754_ Acquired 2 matter. 02768_ Acquired 12 matter. Piercing Trap falls loose from the Twisted Machinery. Mak. Light Armor Plating falls loose from the Twisted Machinery. 02814_ Dropped Lgt. Armor Plating. 02884_ Triggered Piercing Trap. 02884_ Spikes shoot up from the floor. 02884_ Critical hit (Impale). Map ----- +----------------------------------------------------+ | ?????????????????????????????????????????????????? | | ?????????????????????????????????????????????????? | | ?????????????????????????????????????????????????? | | ?????????????????????????????????????????????????? | | ?????????????????????????????????????????????????? | | ?????????????????????????????????????????????????? | | ?????????????????????????????????????????????????? | | ?????????????????????????????????????????????????? | | ?????????????????????????????????????????????????? | | ?????????????????????????????????????????????????? | | ?????????????????????????????????????????????????? | | ?????????????????????????????????????????????????? | | ?????????????????????????????????????????????????? | | ?????????????????????????????????????????????????? | | ?????????????????????????????????????????????????? | | ??????????????????????????????????????? ##???????? | | ?????????????????????????????????????? ?????? | | ?????????????????????????????????????? ????? | | ?????????????????????????????????????? ?????? | | ???????????????????????#########????## ??????? | | ??????????????????????##<<<< <###?? ??????? | | ??????????????????????# <<<<<<<<"### #???????? | | ??????????????????????#<< < <<< ## #????????? | | ??????????????????????#< << < " ## #??????? ## | | ??????????????????????#< < <## # #?????? # | | ##????????????????????#<<@<<#### ## #?????? | | ????????????????????# <<## #" #?????? | | ?????????????????????# R ## #?????? | | ?????????????????????# $ <## ####### | | #?????????????????????# $ <## #" # # | | #?????????????????????# <######" #? | | #?????????????????????# $|<##????# #?? | | #?????????????????????#$ $ #?????## #?? | | ##????????????????????##$ <#??????# ##? | | #?????????????????????######??????## ## | | #??????????????????????????????????# # | | #??????????????????????????????????# ## | | #??????????????????????????????????## ##? | | #??###??????????????????????????????## ###?? | | #??# ##??????????????????????????????## ##???? | | #### ###?????????????????????????????## ##????? | | ##????????????????????????????# ####?? | | #????????????????????????????## # # #?? | | ##???????????????????????????# #?? | | ### ##?????????????????????????## # ##?? | | #####?# ##??????????????????????### # #?? | | #?????# #?????????????????????## # ## ##?? | | ##???## ########?????????####??# ### ##?? | | ##?## ## ##??####### #### ## ## ### | | ### #### ##" ## # | +----------------------------------------------------+ Best States ------------- Heat Dissipation 25 Coolant Potential 50 Energy Generation 10 Energy Capacity 250 Matter Stores 300 Matter Capacity 300 Sight Range 16 Terrain Scan Density 10 Armor Coverage 150 Evasion (%) 55 Item Schematics ----------------- None Robot Schematics ------------------ None Fabricated ------------ Nothing Repaired ---------- Nothing Alien Tech Used ----------------- None Achievements -------------- None Challenges ------------ None Game ------ Seed PhysicsEtherialAccelerator Manual? 0 Play Time 01:22:48 Cumulative 258.5 hours Start 2025.05.22 @ 01:25:43 End 2025.05.22 @ 17:59:19 Sessions 3 Manual Loads 0 Difficulty Rogue Special Mode None Game No. 387 Rogue 387 Adventurer 0 Explorer 0 Win Type - Total 1 Types 1/0/0/0/0/0/0/0/0/0 Lore% 63 Gallery% 62 Achievement% 43 Wizard Run 0 Options --------- Layout 1 ASCII 0 Keyboard 0 Movement Mouse Keybinds 0 Fullscreen 2 Font 24/Smallcaps Map View 50x35 Zoom Use 0% Tactical HUD 1 Map Filters NONE Filters NONE Steam 1 RUN: ce8ee83e-dc21-4c4e-b30c-ad5338e68621